Map: Automaton LE

Players

Lambo - Winner!

  • Race: Zerg Zerg
  • League: Master
  • Spawn Location: 3:00

IIIIllIIIIIl (Kas)

  • Race: Terran Terran
  • League: Grandmaster
  • Spawn Location: 9:00

VOD

Have the link to the VOD?

Description

Time

  • Played on: Dec. 20, 2018, 2:03 p.m.
  • Length: 13:03
Show
View Real Time Build Order
Export as new Build Order

Lambo Zerg - Winner!

Build Orders: Hatch First, Muta Ling Bane 

Get SALT Encoding   

  12  0:01  Drone  
  13  0:12  Overlord  
  13  0:19  Drone  
  14  0:32  Drone x2  
  16  0:49  Hatchery  
  15  0:52  Drone  
  15  0:56  Drone  
  17  1:01  Drone  
  18  1:10  Extractor  
  17  1:15  Spawning Pool  
  17  1:18  Drone  
  17  1:21  Drone  
  18  1:30  Drone  
  19  1:43  Drone  
  20  2:02  Overlord, Queen x2  
  20  2:03  Zergling x4  
  26  2:11  Metabolic Boost  
  26  2:12  Drone  
  26  2:15  Drone  
  28  2:23  Drone  
  28  2:29  Drone  
  29  2:38  Drone x2  
  31  2:47  Hatchery  
  30  2:53  Pneumatized Carapace  
  30  2:57  Drone  
  30  2:58  Drone  
  32  3:03  Overlord  
  32  3:07  Drone  
  33  3:13  Drone x3  
  33  3:18  Spore Crawler  
  35  3:20  Drone  
  35  3:26  Queen  
  39  3:28  Overlord  
  39  3:30  Drone  
  40  3:35  Drone x2  
  42  3:42  Overlord  
  42  3:43  Queen  
  42  3:48  Drone x2  
  46  3:50  Zergling x2  
  46  3:54  Zergling x2  
  46  3:55  Zergling x2  
  49  3:56  Drone  
  49  4:02  Drone x2  
  52  4:05  Queen  
  52  4:08  Queen  
  56  4:10  Drone  
  56  4:16  Drone x2  
  56  4:20  Drone x3  
  56  4:23  Spore Crawler  
  56  4:25  Spore Crawler  
  56  4:26  Drone  
  56  4:32  Drone x2  
  56  4:34  Drone x2  
  56  4:37  Spore Crawler, Drone  
  60  4:39  Drone  
  60  4:41  Drone  
  60  4:43  Drone  
  63  4:45  Drone  
  63  4:46  Drone  
  63  4:50  Lair  
  65  4:54  Overlord  
  65  4:55  Extractor x2  
  65  4:56  Drone  
  65  4:57  Drone  
  65  4:59  Drone  
  65  5:04  Evolution Chamber, Drone  
  65  5:08  Evolution Chamber  
  65  5:11  Drone  
  65  5:13  Drone x2  
  67  5:15  Drone x5  
  67  5:18  Drone  
  67  5:20  Overlord  
  73  5:25  Overlord  
  73  5:27  Overlord  
  73  5:28  Extractor  
  72  5:32  Drone  
  72  5:33  Overlord  
  72  5:34  Overlord  
  73  5:42  Drone x3  
  76  5:44  Overlord  
  76  5:46  Drone x2  
  76  5:47  Drone x3  
  81  5:50  Overseer  
  81  5:56  Zerg Ground Armor Level 1, Overseer, Zerg Melee Weapons Level 1  
  81  5:57  Baneling Nest  
  81  5:58  Drone x3  
  81  6:01  Extractor  
  81  6:02  Extractor  
  81  6:08  Drone x2  
  81  6:11  Drone x2  
  85  6:13  Spire  
  84  6:26  Zergling x18  
  84  6:29  Hatchery  
  92  6:37  Zergling x8  
  96  6:41  Overlord  
  96  6:44  Centrifical Hooks, Hatchery  
  96  6:47  Zergling x6  
  98  6:54  Zergling x10  
  98  6:57  Baneling x7  
  98  6:59  Zergling x6  
  106  7:05  Zergling x10  
  111  7:09  Zergling x6  
  103  7:30  Mutalisk x9  
  103  7:35  Mutalisk  
  121  7:44  Zerg Flyer Weapons Level 1  
  121  7:49  Zergling x20  
  126  7:55  Mutalisk x2  
  127  8:02  Spawning Pool  
  127  8:04  Zergling x8  
  116  8:23  Mutalisk x5  
  116  8:26  Overlord  
  124  8:28  Overlord  
  124  8:30  Overlord  
  121  8:35  Overlord  
  121  8:37  Zerg Ground Armor Level 2  
  120  8:45  Overlord  
  120  8:46  Overlord  
  120  8:48  Overlord  
  120  8:51  Extractor  
  120  8:52  Overseer  
  120  8:54  Drone x6  
  120  8:55  Drone  
  126  8:56  Extractor  
  126  8:59  Zergling x6  
  128  9:08  Mutalisk x3, Hatchery  
  128  9:09  Mutalisk  
  135  9:16  Zergling x8  
  135  9:17  Zergling x6  
  140  9:18  Baneling x3  
  140  9:25  Mutalisk x2  
  144  9:37  Zergling x20  
  150  9:42  Baneling x3  
  150  9:46  Mutalisk x3  
  150  9:49  Zerg Melee Weapons Level 2  
  156  10:01  Zergling x18  
  156  10:04  Zerg Flyer Weapons Level 2  
  156  10:06  Overlord  
  165  10:07  Overseer  
  165  10:12  Overlord  
  165  10:13  Overlord  
  165  10:16  Baneling  
  161  10:24  Zergling x20  
  163  10:35  Zergling x16  
  151  10:44  Mutalisk x4  
  152  10:54  Zergling x14  
  157  11:01  Zergling x8  
  157  11:13  Zergling x14  
  157  11:17  Mutalisk x3  
  165  11:20  Baneling x11  
  165  11:23  Mutalisk x2  
  169  11:30  Mutalisk x3  
  174  11:35  Zergling x2  
  174  11:36  Zergling x4  
  174  11:38  Baneling x8  
  177  11:40  Zergling x4  
  177  11:41  Zergling x2  
  177  11:45  Infestation Pit  
  168  11:56  Zergling x22  
  168  11:59  Zergling x6  
  162  12:03  Zergling x2  
  162  12:04  Zergling x6  
  162  12:05  Baneling x4  
  166  12:11  Drone x2  
  168  12:18  Drone x6  
  174  12:24  Zergling x6  
  174  12:26  Baneling x3  
  174  12:27  Baneling  
  174  12:28  Baneling x2  
  177  12:30  Mutalisk  
  177  12:32  Baneling x5  
  179  12:39  Zergling x12  
Show
View Real Time Build Order
Export as new Build Order

IIIIllIIIIIl Terran 

Build Orders: Reaper Expand, Hellion Banshee 

Get SALT Encoding   

  12  0:00  SCV  
  13  0:13  SCV  
  14  0:18  Supply Depot  
  14  0:25  SCV  
  15  0:39  SCV  
  15  0:41  Barracks  
  16  0:45  Refinery  
  16  0:53  SCV  
  17  1:05  SCV  
  18  1:17  SCV  
  19  1:28  Reaper  
  19  1:29  Orbital Command  
  20  1:42  Command Center  
  20  1:53  Supply Depot  
  20  1:55  SCV  
  20  1:59  Marine  
  22  2:07  SCV  
  23  2:10  Factory  
  23  2:18  Refinery  
  23  2:20  SCV  
  23  2:22  Barracks Reactor  
  24  2:32  SCV  
  25  2:44  SCV  
  26  2:56  Orbital Command, SCV, Starport  
  27  3:03  Hellion x2  
  31  3:08  SCV  
  32  3:12  Barracks Tech Lab  
  32  3:20  SCV  
  32  3:22  SCV  
  32  3:24  Hellion x2  
  37  3:28  Supply Depot  
  37  3:33  SCV  
  38  3:35  SCV  
  38  3:38  Cloaking Field  
  38  3:39  Banshee  
  42  3:45  SCV  
  42  3:47  SCV  
  44  3:50  Hellion x2  
  48  3:57  SCV  
  48  3:59  SCV  
  50  4:07  Command Center  
  48  4:20  SCV x2, Hellion  
  48  4:21  Hellion  
  48  4:25  Banshee  
  48  4:28  Supply Depot  
  48  4:31  Supply Depot  
  51  4:32  SCV  
  51  4:34  Barracks Tech Lab  
  51  4:36  SCV  
  53  4:44  SCV  
  54  4:48  Barracks  
  54  4:50  SCV  
  54  4:51  Barracks  
  55  4:53  Supply Depot  
  55  4:54  Factory Reactor  
  55  4:56  SCV  
  56  5:02  SCV, Engineering Bay x2  
  56  5:05  Stimpack  
  57  5:08  SCV  
  58  5:15  SCV  
  58  5:16  Marine  
  58  5:20  SCV  
  58  5:21  Orbital Command  
  61  5:27  Starport Reactor, SCV  
  62  5:28  Terran Infantry Armor Level 1, Terran Infantry Weapons Level 1  
  62  5:37  Barracks  
  62  5:39  Barracks  
  62  5:47  Marine x3, Factory Reactor  
  65  5:51  SCV  
  65  5:53  Marine, Refinery  
  65  5:54  Refinery, Orbital Command  
  65  5:56  Marine  
  68  5:58  SCV  
  68  6:03  SCV  
  70  6:04  Armory  
  70  6:05  Marine x3, Medivac  
  70  6:10  Marine, SCV  
  77  6:13  Marine  
  77  6:15  SCV  
  79  6:21  Supply Depot  
  79  6:22  SCV  
  79  6:23  Marine x2  
  82  6:26  Marine  
  82  6:28  Barracks Reactor x2  
  82  6:30  SCV  
  82  6:31  SCV  
  82  6:32  Factory  
  85  6:34  Marine x2, SCV  
  88  6:40  Marine  
  88  6:41  Marine  
  88  6:43  Marine  
  88  6:44  Medivac  
  88  6:45  Medivac  
  96  6:47  SCV  
  96  6:48  SCV  
  96  6:49  SCV  
  96  6:51  Marine  
  96  6:52  Marine  
  100  6:56  Supply Depot  
  100  6:58  Marine  
  101  7:02  Widow Mine x2  
  101  7:04  SCV x2  
  101  7:05  Supply Depot  
  101  7:06  Supply Depot  
  107  7:09  Supply Depot  
  107  7:15  Marine x3  
  99  7:16  Marine x4  
  99  7:18  Widow Mine, Drilling Claws  
  99  7:19  Combat Shield  
  99  7:20  Marine  
  109  7:24  Widow Mine  
  109  7:26  Marine  
  109  7:27  Medivac  
  109  7:28  Widow Mine  
  116  7:33  Marine x2  
  116  7:36  Supply Depot  
  118  7:37  Marine  
  118  7:40  Barracks  
  118  7:41  Barracks  
  118  7:42  Marine x2, Barracks  
  118  7:44  Widow Mine  
  123  7:46  Marine x3  
  124  7:51  Marine  
  124  7:53  Marine x2  
  124  7:54  Terran Infantry Weapons Level 2  
  124  7:57  Terran Infantry Armor Level 2  
  122  8:11  Marine x4  
  125  8:15  Marine x3  
  125  8:16  Marine  
  125  8:17  Marine  
  125  8:19  Widow Mine x3  
  129  8:27  Missile Turret  
  129  8:29  Marine x5  
  129  8:32  Missile Turret  
  126  8:34  Marine x3  
  126  8:36  Missile Turret  
  126  8:37  Barracks Tech Lab x2  
  126  8:39  Bunker  
  126  8:40  Widow Mine  
  123  8:41  Marine x2  
  123  8:46  Marine x3  
  123  8:48  Marine  
  125  8:53  Marine x3  
  125  8:54  Widow Mine  
  133  8:58  Thor  
  137  9:05  Marine x2  
  139  9:10  Marine, Supply Depot  
  139  9:11  Marine x4  
  139  9:12  Marine x2  
  139  9:13  Marine  
  139  9:15  Marine  
  139  9:16  Marine  
  148  9:24  Marine  
  148  9:26  Marine  
  148  9:28  Widow Mine  
  148  9:29  Widow Mine  
  148  9:31  Medivac x2  
  149  9:32  Marine  
  149  9:33  Marine x2  
  149  9:36  Marine  
  147  9:40  Marine  
  142  9:46  Unknown  
  142  9:48  Marine  
  142  9:49  Marine, Missile Turret  
  142  9:50  Command Center  
  142  9:51  Marine  
  145  9:57  Marine  
  146  10:01  Marine x3  
  146  10:05  Thor  
  156  10:07  SCV  
  156  10:13  Marine, Supply Depot  
  156  10:33  Supply Depot x3  
  154  10:39  Marine  
  154  10:40  Marine, SCV  
  149  10:43  Marine x4  
  149  10:48  Unknown x4, SCV x2  
  143  10:52  Marine, SCV  
  143  10:53  Marine  
  140  11:01  Missile Turret x2  
  140  11:03  Marine x2  
  140  11:04  Medivac x2  
  140  11:08  Marine  
  140  11:09  Marine x2  
  137  11:11  SCV  
  137  11:12  SCV  
  137  11:14  Marine, Marauder  
  140  11:19  SCV  
  140  11:23  SCV  
  142  11:28  SCV  
  142  11:31  SCV  
  144  11:41  SCV x2  
  144  11:44  SCV  
  147  11:48  Widow Mine x2  
  147  11:49  Marauder x2  
  149  11:56  SCV  
  149  11:59  Marine x2, Marauder  
  149  12:00  Marine x3  
  143  12:01  Medivac  
  143  12:02  Widow Mine, Medivac  
  149  12:10  Marauder x2, Supply Depot  
  149  12:11  Widow Mine x2, Supply Depot x2  
  157  12:24  Command Center  
  157  12:32  Marine x3, Widow Mine  
  157  12:33  Widow Mine  
  163  12:41  Marine x2  
  154  12:44  Marine  
  154  12:45  Marine x2  
Tags
 
Add a new tag
Caveats
  • Supply blocks, unpowered buildings, or Contaminate may cause inaccurate times.
  • Supply counts are checked every 10 seconds.